 Dungeon Sprint DCSS version 0.21-a0-272-g984ae92 (webtiles) character file.

30459 terra52 the Brawler (level 13, -8/77 HPs)
             Began as a Vine Stalker Gladiator on Sept 15, 2017.
             Was the Champion of Wu Jian.
             Mangled by Tiamat
             ... wielding a +0 glaive of protection
              (25 damage)
             ... in the Dungeon (Sprint I: "Red Sonja").
             The game lasted 00:27:18 (2722 turns).

terra52 the Brawler (Vine Stalker Gladiator)        Turns: 2722, Time: 00:27:19

Health: -8/77      AC: 17    Str: 21    XL:     13   Next: 51%
Magic:  0/31       EV: 18    Int: 12    God:    Wu Jian [******]
Gold:   3105       SH:  0    Dex: 22    Spells: 33/39 levels left

rFire    + . .     SeeInvis .     - Unarmed
rCold    . . .     Gourm    .   (shield currently unavailable)
rNeg     . . .     Faith    +   B - +4 scale mail "Wemeyfo" {rElec rC+ Regen+ Int+4}
rPois    .         Spirit   +   (no helmet)
rElec    +         Reflect  .   s - +2 cloak
rCorr    .         Harm     .   (gloves currently unavailable)
MR       +....     NoTele   +   m - +0 pair of boots
Stlth    +.........             t - amulet of faith
HPRegen  1.42/turn              y - +5 ring of dexterity
MPRegen  0.22/turn              z - ring of fire

@: exhausted, blade hands, hasted, glowing, heavenly storm, very quick
A: fangs 3, regeneration 2, magic shield, antimagic bite, no potion heal 3, rot
immunity
a: End Transformation, Serpent's Lash, Heavenly Storm, Renounce Religion


You were in the Dungeon.
You worshipped Wu Jian.
Wu Jian was exalted by your worship.
You were not hungry.
You had blades for hands.
You visited 1 branch You collected 5720 gold pieces.
You spent 2600 gold pieces at shops.
You donated 15 gold pieces to Zin.

Inventory:

Hand Weapons
 p - a +0 blowgun
Missiles
 k - 2 throwing nets (quivered)
 q - 9 curare-tipped needles
Armour
 a - a +0 leather armour
 b - a +0 helmet
 c - a +0 troll leather armour
 l - a +0 pair of gloves
 m - a +0 pair of boots (worn)
 s - a +2 cloak (worn)
 u - the +2 robe of the Onion {rPois rN++ Str-3 Stlth+}
   (You bought it in a shop in the Dungeon)

   It affects your strength (-3).
   It protects you from poison.
   It greatly protects you from negative energy.
   It makes you more stealthy.
 v - a +1 pair of gloves
 A - the +2 troll leather armour "Zyamuz" {rPois rF- Regen+ Int+5}
   (You bought it in a shop in the Dungeon)

   It affects your intelligence (+5).
   It makes you vulnerable to fire.
   It protects you from poison.
   It increases your rate of regeneration.
 B - the +4 scale mail "Wemeyfo" (worn) {rElec rC+ Regen+ Int+4}
   (You bought it in a shop in the Dungeon)

   It affects your intelligence (+4).
   It protects you from cold.
   It insulates you from electricity.
   It increases your rate of regeneration.
 I - a +2 pair of gloves of archery
 J - the +2 pair of gloves of Dukhle (melded) {Dex+4}
   (You found it in the Dungeon)

   It affects your dexterity (+4).
Jewellery
 t - an amulet of faith (around neck)
 y - a +5 ring of dexterity (left scythe-like blade)
 z - a ring of fire (right scythe-like blade)
Wands
 n - a wand of digging (10/24)
Scrolls
 j - 2 scrolls of blinking
 E - a scroll of remove curse
 F - a scroll of amnesia
Potions
 e - 2 potions of curing
 f - 2 potions of heal wounds
 g - a potion of haste
 h - 2 potions of magic
 w - a potion of might {unknown}
 C - 3 potions of invisibility
 G - a potion of brilliance {unknown}
Books
 i - a book of Changes

   Spells                             Type                      Level
   a - Beastly Appendage              Transmutation                1
   b - Sticks to Snakes               Transmutation                2
   c - Spider Form                    Transmutation/Poison         3
   d - Ice Form                       Ice/Transmutation            4
   e - Blade Hands                    Transmutation                5
 H - Sif Muna's Guide on Attacks and Creation
   (You found it in the Dungeon)

   Spells                             Type                      Level
   a - Sting                          Conjuration/Poison           1
   b - Throw Flame                    Conjuration/Fire             2
   c - Summon Forest                  Summoning/Translocation      5
   d - Orb of Destruction             Conjuration                  7
Comestibles
 d - 2 bread rations
 o - 5 chunks of flesh
 D - a fruit


   Skills:
 * Level 13.4 Fighting
 - Level 2.5 Throwing
 + Level 9.2 Armour
 + Level 10.3 Dodging
 - Level 2.6 Stealth
 * Level 20.5 Unarmed Combat
 * Level 13.9 Spellcasting
 + Level 11.5 Transmutations
   Level 2.0 Invocations
 + Level 1.8 Evocations


You had 33 spell levels left.
You knew the following spells:

 Your Spells              Type           Power        Failure   Level  Hunger
a - Beastly Appendage     Tmut           #####.       8%          1    None
b - Blade Hands           Tmut           #####.....   32%         5    #####..


Dungeon Overview and Level Annotations

Branches:
Dungeon (1/1)

Altars:
Cheibriados
Dithmenos
Elyvilon
Fedhas
Gozag
Hepliaklqana
Kikubaaqudgha
Makhleb
Nemelex Xobeh
Okawaru
Qazlal
Ru
Sif Muna
Trog
Uskayaw
Vehumet
Wu Jian
Xom
Yredelemnul
Zin
The Shining One
Jiyva
Lugonu

Shops:
D :[:*%[[**::*([%*(:}[*%

Annotations:
D exclusion: oklob plant, Tiamat


Innate Abilities, Weirdness & Mutations

You have razor-sharp teeth.
You heal very quickly.
When hurt, damage is shared between your health and your magic reserves.
Your bite disrupts and absorbs the magic of your enemies.
Potions cannot restore your health.
You are immune to rotting.


Message History

Your hands revert to their normal proportions.
The +2 pair of gloves of Dukhle {Dex+4} unmelds from your body.
Tiamat hits you with a glaive of protection!!
Tiamat tail-slaps you!
* * * LOW HITPOINT WARNING * * *
Unknown command.
You feel yourself speed up. Tiamat hits you but does no damage.
Tiamat tail-slaps you but does no damage.
Casting: Blade Hands
Confirm with . or Enter, or press ? or * to list all spells.
Your hands turn into razor-sharp scythe blades.
The +2 pair of gloves of Dukhle {Dex+4} melds into your body.
You spin and attack Tiamat repeatedly.
You slice Tiamat!! Your bite misses Tiamat.
Tiamat is moderately wounded.
You slice Tiamat!! You slash Tiamat! You bite Tiamat! You drain her power.
You feel invigorated.
Tiamat is heavily wounded.
Tiamat hits you with a glaive of protection!!!
You die...

.###########.#
#..#..#.###.#M≈..
###......§##.#
#...§.....#.###.
#.#......§§§.####.........#.#
'.
..#+.+######.#.)'.....$####'#
..#....§§.§#.#####..$###..).#
###....§.§#§§#§§§#####...####
.).....§§≈####§§§§§§...###
........§≈##[§§§§§§#####
..=...≈≈≈###.§§§@§##
#..≈≈≈≈### #.§§§d##
'######'####.§§§§#
########∩∩#####§##
∩∩∩∩∩∩∩∩∩###≈≈≈≈≈≈≈≈.
########## ###.###### #..0..+
#######


You could see Tiamat.

Vanquished Creatures
  A golden dragon (D)
  A shadow dragon (D)
  4 fire giants (D)
  A daeva (D)
  A deep elf annihilator (D)
  A lorocyproca (D)
  A hydra (D)
  2 centaur warriors (D)
  Sonja (D)
  A deep troll (D)
  7 unseen horrors (D)
  A lindwurm (D)
  An oklob plant (D)
  8 shining eyes (D)
  A merfolk siren (D)
  2 gargoyles (D)
  2 kobold demonologists (D)
  4 demonic crawlers (D)
  A meliai (D)
  3 hornets (D)
  A slime creature (D)
  Sigmund (D)
  2 redbacks (D)
  A yak (D)
  13 hogs (D)
  7 floating eyes (D)
  7 necrophages (D)
  An ogre (D)
  8 jellies (D)
  Ijyb (D)
  A ballistomycete (D)
87 creatures vanquished.

Vanquished Creatures (others)
  A merfolk siren (D)
  A hellwing (D)
  2 hornets (D)
  2 ballistomycete spores (D)
6 creatures vanquished.

Grand Total: 93 creatures vanquished

Notes
Turn   | Place    | Note
-------+----------+-------------------------------------------
     0 | D        | terra52 the Vine Stalker Gladiator began the quest for the Orb.
     0 | D        | Reached XP level 1. HP: 11/11 MP: 2/2
     1 | D        | Noticed Ijyb
    23 | D        | Killed Ijyb
    23 | D        | Reached skill level 4 in Unarmed Combat
    23 | D        | Reached XP level 2. HP: 4/16 MP: 0/3
    23 | D        | Reached XP level 3. HP: 4/19 MP: 0/4
   270 | D        | Noticed an ogre
   278 | D        | Killed an ogre
   278 | D        | Reached skill level 1 in Armour
   278 | D        | Reached skill level 6 in Unarmed Combat
   278 | D        | Gained mutation: Your natural rate of healing is unusually fast. [Vine Stalker growth]
   278 | D        | Reached XP level 4. HP: 24/24 MP: 5/5
   287 | D        | Noticed Sigmund
   296 | D        | Killed Sigmund
   296 | D        | Reached skill level 8 in Unarmed Combat
   296 | D        | Reached XP level 5. HP: 20/30 MP: 3/6
   296 | D        | Reached XP level 6. HP: 22/34 MP: 3/7
   325 | D        | Found an ornate altar of the Wu Jian Council.
   325 | D        | Found a deep blue altar of Sif Muna.
   327 | D        | Found a radiant altar of Vehumet.
   334 | D        | Found Zogon's Assorted Antiques.
   334 | D        | Found an ancient bone altar of Kikubaaqudgha.
   334 | D        | Found a hazy altar of Hepliaklqana.
   334 | D        | Found a stormy altar of Qazlal.
   334 | D        | Found a hide-covered altar of Uskayaw.
   334 | D        | Found a blossoming altar of Fedhas.
   334 | D        | Found a bloodstained altar of Trog.
   334 | D        | Found an iron altar of Okawaru.
   334 | D        | Found a basalt altar of Yredelemnul.
   334 | D        | Found a glowing golden altar of the Shining One.
   334 | D        | Found a snail-covered altar of Cheibriados.
   334 | D        | Found a sacrificial altar of Ru.
   334 | D        | Found a glowing silver altar of Zin.
   334 | D        | Found a shadowy altar of Dithmenos.
   334 | D        | Found a white marble altar of Elyvilon.
   334 | D        | Noticed a yak
   335 | D        | Found an opulent altar of Gozag.
   347 | D        | Killed a yak
   347 | D        | Reached skill level 5 in Fighting
   347 | D        | Reached skill level 9 in Unarmed Combat
   347 | D        | Reached XP level 7. HP: 12/39 MP: 4/8
   348 | D        | Found a sparkling altar of Nemelex Xobeh.
   400 | D        | Became a worshipper of Zin the Law-Giver
   400 | D        | Reached * piety under Zin
   400 | D        | Reached ** piety under Zin
   400 | D        | Reached *** piety under Zin
   422 | D        | Found a burning altar of Makhleb.
   422 | D        | Found a viscous altar of Jiyva.
   422 | D        | Found a shimmering altar of Xom.
   422 | D        | Found a corrupted altar of Lugonu.
   422 | D        | Noticed a slime creature
   429 | D        | Killed a slime creature
   429 | D        | Reached skill level 10 in Unarmed Combat
   451 | D        | Reached **** piety under Zin
   451 | D        | Reached ***** piety under Zin
   453 | D        | Reached ****** piety under Zin
   459 | D        | Noticed Sonja
   469 | D        | Killed Sonja
   469 | D        | Reached skill level 11 in Unarmed Combat
   469 | D        | Gained mutation: You have razor-sharp teeth. [Vine Stalker growth]
   469 | D        | Reached XP level 8. HP: 46/46 MP: 7/10
   475 | D        | Found Mozetu's Book Boutique.
   489 | D        | Noticed a shining eye
   489 | D        | Noticed a shining eye
   489 | D        | Noticed a shining eye
   490 | D        | Paralysed by a floating eye for 2 turns
   491 | D        | Noticed a shining eye
   495 | D        | Reached skill level 1 in Spellcasting
   498 | D        | Noticed a shining eye
   502 | D        | Killed a shining eye
   502 | D        | Reached skill level 5 in Armour
   502 | D        | Reached skill level 12 in Unarmed Combat
   502 | D        | Paralysed by a floating eye for 4 turns
   507 | D        | Reached XP level 9. HP: 51/51 MP: 10/15
   516 | D        | Killed a shining eye
   516 | D        | Reached skill level 13 in Unarmed Combat
   518 | D        | Killed a shining eye
   518 | D        | Reached skill level 5 in Spellcasting
   519 | D        | Noticed a shining eye
   527 | D        | Killed a shining eye
   534 | D        | Killed a shining eye
   534 | D        | Reached skill level 14 in Unarmed Combat
   534 | D        | Reached XP level 10. HP: 58/58 MP: 18/20
   539 | D        | Killed a shining eye
   540 | D        | Noticed a shining eye
   540 | D        | Noticed a shining eye
   550 | D        | Killed a shining eye
   550 | D        | Paralysed by a floating eye for 3 turns
   559 | D        | Killed a shining eye
   559 | D        | Reached skill level 15 in Unarmed Combat
   581 | D        | Fell from the grace of Zin
   581 | D        | Became a worshipper of the Wu Jian Council
   653 | D        | Bought a book of Changes for 325 gold pieces
   655 | D        | Learned a level 1 spell: Beastly Appendage
   661 | D        | Learned a level 5 spell: Blade Hands
   675 | D        | Noticed a deep troll
   682 | D        | Killed a deep troll
   682 | D        | Reached skill level 10 in Fighting
   703 | D        | Found Noelets's Armour Emporium.
   708 | D        | Bought a +0 pair of gloves for 45 gold pieces
   708 | D        | Bought a cursed +0 pair of boots for 15 gold pieces
   766 | D        | Noticed a kobold demonologist
   768 | D        | Noticed a kobold demonologist
   768 | D        | Paralysed by a floating eye for 4 turns
   774 | D        | Noticed an orange demon
   780 | D        | Killed a kobold demonologist
   780 | D        | Reached * piety under Wu Jian
   788 | D        | Killed a kobold demonologist
   889 | D        | Reached ** piety under Wu Jian
   889 | D        | Reached skill level 16 in Unarmed Combat
   968 | D        | Reached *** piety under Wu Jian
   995 | D        | Reached **** piety under Wu Jian
  1049 | D        | Killed an unseen horror
  1049 | D        | Reached skill level 1 in Transmutations
  1049 | D        | Reached XP level 11. HP: 53/64 MP: 24/24
  1053 | D        | Reached ***** piety under Wu Jian
  1064 | D        | Killed an unseen horror
  1086 | D        | Reached skill level 17 in Unarmed Combat
  1088 | D        | Reached ****** piety under Wu Jian
  1123 | D        | Noticed an oklob plant
  1132 | D        | Killed an oklob plant
  1153 | D        | Paralysed by a hornet for 2 turns
  1159 | D        | Paralysed by a hornet for 3 turns
  1251 | D        | Noticed a centaur warrior
  1251 | D        | Noticed a centaur warrior
  1252 | D        | Killed a centaur warrior
  1256 | D        | Killed a centaur warrior
  1301 | D        | Found Ugainua's Antique Armour Shoppe.
  1301 | D        | Found Xeplu's Food Shop.
  1301 | D        | Found Hocoupe's Book Emporium.
  1301 | D        | Found Neclyppuy's Armour Boutique.
  1318 | D        | Bought a thick robe for 165 gold pieces
  1318 | D        | Bought a pair of glowing gloves for 217 gold pieces
  1346 | D        | Identified the +2 robe of the Onion {rPois rN++ Str-3 Stlth+} (You bought it in a shop in the Dungeon)
  1401 | D        | Reached skill level 10 in Spellcasting
  1401 | D        | Reached skill level 5 in Transmutations
  1421 | D        | Noticed a lindwurm
  1423 | D        | Killed a lindwurm
  1459 | D        | Reached skill level 18 in Unarmed Combat
  1480 | D        | Gained mutation: You heal very quickly. [Vine Stalker growth]
  1480 | D        | Reached XP level 12. HP: 69/70 MP: 27/27
  1515 | D        | Noticed a 12-headed hydra
  1516 | D        | Killed a 13-headed hydra
  1570 | D        | Killed a lorocyproca
  1957 | D        | Found Ucumaw's Book Boutique.
  1957 | D        | Found Wexta's General Store.
  1957 | D        | Found Vusucel's Gadget Emporium.
  1959 | D        | Found Yroirr's Weapon Boutique.
  1959 | D        | Found Fonkeytz's Assorted Antiques.
  1959 | D        | Found Bomiatroori's Food Shop.
  1959 | D        | Found Caschot's Antique Armour Emporium.
  1959 | D        | Found Fuevyevo's Antique Weapon Boutique.
  1959 | D        | Found Luef's Assorted Antiques.
  1959 | D        | Found Loblet's Book Shop.
  1962 | D        | Found Vegaal's Book Emporium.
  1963 | D        | Found Liunam's Assorted Antiques.
  1963 | D        | Found Funiluipic's Assorted Antiques.
  1964 | D        | Found Ipuopaq's Armour Shop.
  1966 | D        | Bought an embroidered cloak for 180 gold pieces
  1968 | D        | Bought a notched sapphire ring for 140 gold pieces
  1968 | D        | Bought an agate ring for 140 gold pieces
  1983 | D        | Bought a bloodstained troll leather armour for 500 gold pieces
  1993 | D        | Identified the +2 troll leather armour "Zyamuz" {rPois rF- Regen+ Int+5} (You bought it in a shop in the Dungeon)
  2017 | D        | Bought the +4 scale mail "Wemeyfo" {rElec rC+ Regen+ Int+4} for 534 gold pieces
  2046 | D        | Bought a royal jelly for 22 gold pieces
  2046 | D        | Bought a bread ration for 55 gold pieces
  2046 | D        | Bought a meat ration for 55 gold pieces
  2059 | D        | Bought a blackened brass ring for 105 gold pieces
  2059 | D        | Bought a scroll labeled PUIQEE AHEUFI for 21 gold pieces
  2059 | D        | Bought a scroll labeled QACA MOESTACA for 21 gold pieces
  2059 | D        | Bought a scroll labeled PUIQEE AHEUFI for 21 gold pieces
  2059 | D        | Bought a fizzy red potion for 18 gold pieces
  2059 | D        | Bought a scroll labeled NOHECI HUZAFF for 21 gold pieces
  2132 | D        | Noticed a daeva
  2142 | D        | Killed a daeva
  2174 | D        | Reached skill level 19 in Unarmed Combat
  2177 | D        | Reached skill level 1 in Evocations
  2274 | D        | Noticed a shadow dragon
  2274 | D        | Noticed a golden dragon
  2279 | D        | Killed a golden dragon
  2279 | D        | Reached skill level 10 in Dodging
  2279 | D        | Reached skill level 10 in Transmutations
  2282 | D        | Killed a shadow dragon
  2282 | D        | Reached XP level 13. HP: 39/76 MP: 19/30
  2283 | D        | Identified Sif Muna's Guide on Attacks and Creation
  2352 | D        | Found Efusist's Food Shoppe.
  2387 | D        | Noticed a deep elf annihilator
  2389 | D        | Killed a deep elf annihilator
  2402 | D        | Paralysed by a hornet for 1 turns
  2457 | D        | Noticed a mummy priest
  2490 | D        | Noticed a fire giant
  2498 | D        | Noticed a fire giant
  2499 | D        | Killed a fire giant
  2507 | D        | Killed a fire giant
  2507 | D        | Reached skill level 20 in Unarmed Combat
  2508 | D        | Noticed a fire giant
  2519 | D        | Killed a fire giant
  2534 | D        | Noticed a fire giant
  2580 | D        | Killed a fire giant
  2608 | D        | Noticed Tiamat
  2654 | D        | Got a pair of brightly glowing gloves
  2679 | D        | Identified the +2 pair of gloves of Dukhle {Dex+4} (You found it in the Dungeon)
  2722 | D        | Mangled by Tiamat

Vault maps used:
D:        dungeon_sprint_1

Skill      XL: |  1  2  3  4  5  6  7  8  9 10 11 12 13 |
---------------+----------------------------------------+-----
Fighting       | 2 3 4 5 7 9 10 11 12 13 | 13.4
Throwing       | 2 |  2.5
Dodging        | 3 4 6 7 8 9 10 | 10.3
Unarmed Combat | 4 6 8 9 11 12 14 16 18 19 20 | 20.5
Armour         | 1 2 3 4 5 6 7 8 9 |  9.2
Stealth        | 2 |  2.6
Invocations    | 2 |  2.0
Spellcasting   | 3 6 8 10 12 13 | 13.9
Transmutations | 1 6 10 11 | 11.5
Evocations     | 1 |  1.8

Action                   |  1- 3 |  4- 6 |  7- 9 | 10-12 | 13-15 || total
-------------------------+-------+-------+-------+-------+-------++-------
Melee: Unarmed           |    24 |    21 |    41 |   209 |    39 ||   334
       Bite              |     7 |     8 |    20 |    77 |    21 ||   133
       Punch             |       |     2 |     2 |    14 |     6 ||    24
       Kick              |       |       |       |     2 |       ||     2
       Headbutt          |       |       |       |     9 |       ||     9
Throw: Throwing net      |     4 |       |       |     2 |       ||     6
 Cast: Beastly Appendage |       |       |       |     8 |     1 ||     9
       Blade Hands       |       |       |       |     8 |     8 ||    16
Invok: Recite            |       |       |     1 |       |       ||     1
       Vitalisation      |       |       |     1 |       |       ||     1
       Serpent's Lash    |       |       |       |     7 |     2 ||     9
       Heavenly Storm    |       |       |       |       |     1 ||     1
 Abil: End Transformatio |       |       |       |       |     1 ||     1
Evoke: Wand              |       |       |       |     3 |     2 ||     5
  Use: Potion            |     1 |       |       |     1 |     1 ||     3
       Scroll            |       |       |       |     2 |     4 ||     6
 Stab: Held in net/web   |     3 |       |       |     2 |       ||     5
       Sleeping          |       |     2 |     1 |     6 |       ||     9
       Distracted        |       |       |       |     2 |       ||     2
  Eat: Royal jelly       |       |       |       |     2 |     1 ||     3
       Chunk             |       |       |       |     2 |       ||     2
       Meat ration       |       |       |       |       |     1 ||     1
Armor: Leather armour    |       |     3 |       |       |       ||     3
       Troll leather arm |       |       |       |    25 |       ||    25
       Scale mail        |       |       |       |    31 |     6 ||    37
Dodge: Dodged            |     4 |     4 |     3 |    90 |     9 ||   110

Table legend:
 A = Spawn XP
 B = Non-spawn XP
 C = Spawn XP percentage of total XP
 D = Spawn monster count
 E = Non-spawn monster count
 F = Spawn count percentage of total count
 G = Total turns spent on level
                    A         B        C        D         E        F      G
               +---------+---------+-------+---------+---------+-------+---------
         Total |       0 |   43514 |   0.0 |       0 |      87 |   0.0 |  2722
               +---------+---------+-------+---------+---------+-------+---------
             D |       0 |   43514 |   0.0 |       0 |      87 |   0.0 |  2722
               +---------+---------+-------+---------+---------+-------+---------
